IL
COLUMBUS CLIPPERS @ NORFOLK TIDES
08/03/2003
 
TOP OF THE 1ST
Columbus Clippers batting - Pitching for Norfolk Tides : RHP Doug Waechter
Pitching: RHP Doug Waechter
Batting: LHB Dave Krynzel 0-0: Ball
1-0: Ball
2-0: Called Strike
2-1: Called Strike
2-2: Ball
3-2: Ground out 4-3 (Groundball, 4, EV 79.4 MPH)
Batting: LHB Kevin Randel 0-0: Called Strike
0-1: Ball
1-1: Ball
2-1: Foul Ball, location: 2F
2-2: Ball
3-2: Foul Ball, location: 3SF
3-2: Foul Ball, location: 7LDF
3-2: SINGLE (Flyball, 8RS, EV 89.4 MPH)
Batting: LHB Paul McAnulty 0-0: Ball
1-0: Ball
2-0: Ball
3-0: Called Strike
3-1: Base on Balls
Kevin Randel to second
Batting: RHB Dan Trumble 0-0: Foul Ball, location: 2F
0-1: Ball
1-1: Swinging Strike
1-2: Ball
2-2: Strikes out looking
Batting: LHB Willie Aldana 0-0: Called Strike
0-1: Foul Ball, location: 25F
0-2: Ball
1-2: Ball
Balk!
Kevin Randel to third
Paul McAnulty to second
2-2: Strikes out swinging
Top of the 1st over - 0 runs, 1 hit, 0 errors, 2 left on base; Columbus 0 - Norfolk 0
BOTTOM OF THE 1ST
Norfolk Tides batting - Pitching for Columbus Clippers : LHP Jason Norderum
Pitching: LHP Jason Norderum
Batting: RHB Oscar Garcia 0-0: Ball
1-0: Foul Ball, location: 9LMF
1-1: Called Strike
1-2: Strikes out swinging
Batting: SHB Cesar Izturis 0-0: Called Strike
0-1: Ball
1-1: Fly out, F9 (Flyball, 89D, EV 109.4 MPH)
Batting: RHB Rocco Baldelli 0-0: Ball
1-0: Fly out, F6 (Line Drive, 6, EV 71.9 MPH)
Bottom of the 1st over - 0 runs, 0 hits, 0 errors, 0 left on base; Columbus 0 - Norfolk 0
TOP OF THE 2ND
Columbus Clippers batting - Pitching for Norfolk Tides : RHP Doug Waechter
Batting: RHB Gabe Veloz 0-0: Ball
1-0: Ball
2-0: Foul Ball, location: 2F
2-1: Ground out 6-3 (Groundball, 6MD, EV 100.6 MPH)
Batting: RHB Adam Boeve 0-0: Ball
1-0: Foul Ball, location: 25F
1-1: Foul Ball, location: 9LSF
1-2: Strikes out swinging
Batting: SHB Luke Carlin 0-0: Ball
1-0: Foul Ball, location: 3F
1-1: Ground out 4-3 (Groundball, 34D, EV 101.3 MPH)
Top of the 2nd over - 0 runs, 0 hits, 0 errors, 0 left on base; Columbus 0 - Norfolk 0
BOTTOM OF THE 2ND
Norfolk Tides batting - Pitching for Columbus Clippers : LHP Jason Norderum
Batting: RHB Jeff Keppinger 0-0: Swinging Strike
0-1: SINGLE (Groundball, 4S, EV 68.1 MPH) (infield hit)
Batting: RHB Brian Dallimore 0-0: Ball
1-0: Ball
2-0: Ball
3-0: Base on Balls
Jeff Keppinger to second
Batting: LHB Alonso Panatta 0-0: Sac Bunt to 5S - play at third, runner OUT! 5-6
Brian Dallimore to second
Batting: RHB Eppe Koomen 0-0: Swinging Strike
0-1: Foul Ball, location: 2F
0-2: Ball
1-2: Foul Ball, location: 2F
1-2: Foul Ball, location: 2F
1-2: Foul Ball, location: 2F
1-2: Strikes out looking
Batting: LHB Luke Allen 0-0: Called Strike
0-1: Fly out, F9 (Flyball, 9, EV 92.5 MPH)
Bottom of the 2nd over - 0 runs, 1 hit, 0 errors, 2 left on base; Columbus 0 - Norfolk 0
TOP OF THE 3RD
Columbus Clippers batting - Pitching for Norfolk Tides : RHP Doug Waechter
Batting: RHB Jim Deschaine 0-0: Ball
1-0: Called Strike
1-1: SINGLE (Line Drive, 3D, EV 101.9 MPH)
Batting: LHB Dave Krynzel 0-0: Bunt - Flyout to 2R! F2
Batting: LHB Kevin Randel 0-0: Ball
1-0: Ball
2-0: Ball
3-0: Called Strike
3-1: Foul Ball, location: 7LSF
3-2: Base on Balls
Jim Deschaine to second
Batting: LHB Paul McAnulty 0-0: Called Strike
0-1: Foul Ball, location: 23FF
0-2: Hit by Pitch
Jim Deschaine to third
Kevin Randel to second
Batting: RHB Dan Trumble 0-0: Ball
1-0: Ball
2-0: Fly out, F3 (Popup, 34, EV 65.6 MPH)
Batting: LHB Willie Aldana 0-0: Called Strike
0-1: Ball
1-1: Swinging Strike
1-2: Ball
2-2: Ball
3-2: Base on Balls
Jim Deschaine scores
Kevin Randel to third
Paul McAnulty to second
Batting: RHB Gabe Veloz 0-0: Called Strike
0-1: TRIPLE (Line Drive, 9D, EV 100.0 MPH)
Kevin Randel scores
Paul McAnulty scores
Willie Aldana scores
Batting: RHB Adam Boeve 0-0: Ball
1-0: Called Strike
1-1: Swinging Strike
1-2: Foul Ball, location: 23F
1-2: Hit by Pitch
Batting: SHB Luke Carlin 0-0: Called Strike
0-1: Ball
1-1: Ball
2-1: Ball
3-1: Base on Balls
Adam Boeve to second
Batting: RHB Jim Deschaine 0-0: Called Strike
0-1: Foul Ball, location: 2F
0-2: Ball
1-2: Foul Ball, location: 9LSF
1-2: Ball
2-2: Fielders Choice at 2nd, 6-4 (Groundball, 6, EV 101.3 MPH)
Top of the 3rd over - 4 runs, 2 hits, 0 errors, 3 left on base; Columbus 4 - Norfolk 0
BOTTOM OF THE 3RD
Norfolk Tides batting - Pitching for Columbus Clippers : LHP Jason Norderum
Batting: LHB Eric Servais 0-0: Ball
1-0: Foul Ball, location: 7LMF
1-1: Swinging Strike
1-2: Strikes out looking
Batting: RHB Oscar Garcia 0-0: Ball
1-0: Foul Ball, location: 3FF
1-1: Ball
2-1: Swinging Strike
2-2: Strikes out looking
Batting: SHB Cesar Izturis 0-0: Ball
1-0: Ball
2-0: Fly out, F8 (Flyball, 8LD, EV 86.9 MPH)
Bottom of the 3rd over - 0 runs, 0 hits, 0 errors, 0 left on base; Columbus 4 - Norfolk 0
TOP OF THE 4TH
Columbus Clippers batting - Pitching for Norfolk Tides : RHP Doug Waechter
Batting: LHB Dave Krynzel 0-0: Ball
1-0: Ball
2-0: Called Strike
2-1: Ball
3-1: Base on Balls
Batting: LHB Kevin Randel 0-0: Ball
1-0: Ball
2-0: Foul Ball, location: 3F
2-1: Called Strike
2-2: Foul Ball, location: 2F
2-2: Fly out, F7 (Flyball, 7LS, EV 97.5 MPH)
Batting: LHB Paul McAnulty 0-0: Ball
1-0: Foul Ball, location: 2F
1-1: Ball
2-1: Called Strike
2-2: Ball
3-2: Strikes out swinging
Batting: RHB Dan Trumble 0-0: Ball
1-0: Foul Ball, location: 2F
1-1: Ball
2-1: Foul Ball, location: 2F
2-2: 2-RUN HOME RUN (Flyball, 89XD, EV 96.9 MPH), Distance : 393 ft
Pitching: RHP Dave Pember
Batting: LHB Willie Aldana 0-0: Ball
1-0: Fly out, F9 (Flyball, 9, EV 80.0 MPH)
Top of the 4th over - 2 runs, 1 hit, 0 errors, 0 left on base; Columbus 6 - Norfolk 0
BOTTOM OF THE 4TH
Norfolk Tides batting - Pitching for Columbus Clippers : LHP Jason Norderum
Batting: RHB Rocco Baldelli 0-0: Ball
1-0: Foul Ball, location: 25FF
1-1: Fly out, F4 (Popup, 3D, EV 56.3 MPH)
Batting: RHB Jeff Keppinger 0-0: Ball
1-0: Fly out, F8 (Flyball, 8RM, EV 98.8 MPH)
Batting: RHB Brian Dallimore 0-0: Foul Ball, location: 9LSF
0-1: SINGLE (Flyball, 8LS, EV 86.9 MPH)
Batting: LHB Alonso Panatta 0-0: Called Strike
0-1: TRIPLE (Line Drive, 78XD, EV 98.8 MPH)
Brian Dallimore scores
Batting: RHB Eppe Koomen 0-0: Called Strike
0-1: Ball
1-1: Called Strike
1-2: Foul Ball, location: 9LMF
1-2: Foul Ball, location: 9LDF
1-2: Ball
2-2: Foul Ball, location: 3F
2-2: Ball
3-2: Base on Balls
Batting: LHB Luke Allen 0-0: Foul Ball, location: 3F
0-1: Foul Ball, location: 23F
0-2: Strikes out swinging
Bottom of the 4th over - 1 run, 2 hits, 0 errors, 2 left on base; Columbus 6 - Norfolk 1
TOP OF THE 5TH
Columbus Clippers batting - Pitching for Norfolk Tides : RHP Dave Pember
Batting: RHB Gabe Veloz 0-0: Ball
1-0: Ground out 6-3 (Groundball, 6, EV 106.9 MPH)
Batting: RHB Adam Boeve 0-0: Ball
1-0: Called Strike
1-1: Ball
2-1: Swinging Strike
2-2: Ball
3-2: Strikes out swinging
Batting: SHB Luke Carlin 0-0: Swinging Strike
0-1: Called Strike
0-2: Ball
1-2: Ground out 6-3 (Groundball, 6, EV 81.9 MPH)
Top of the 5th over - 0 runs, 0 hits, 0 errors, 0 left on base; Columbus 6 - Norfolk 1
BOTTOM OF THE 5TH
Norfolk Tides batting - Pitching for Columbus Clippers : LHP Jason Norderum
Batting: LHB Eric Servais 0-0: Ball
1-0: Ball
2-0: SINGLE (Groundball, 5S, EV 69.4 MPH) (infield hit)
Batting: RHB Oscar Garcia 0-0: Ball
1-0: Foul Ball, location: 2F
1-1: Called Strike
1-2: Foul Ball, location: 25FF
1-2: Strikes out swinging
Batting: SHB Cesar Izturis 0-0: Foul Ball, location: 23F
0-1: Foul Ball, location: 9LDF
0-2: Ball
1-2: Ball
2-2: Foul Ball, location: 3DF
2-2: Ball
3-2: Base on Balls
Eric Servais to second
Batting: RHB Rocco Baldelli 0-0: Called Strike
0-1: Ball
1-1: Ground out 5-3 (Groundball, 56S, EV 66.9 MPH)
Eric Servais to third
Cesar Izturis to second
Batting: RHB Jeff Keppinger 0-0: SINGLE (Groundball, 6D, EV 96.9 MPH)
Eric Servais scores
Cesar Izturis to third
Batting: RHB Brian Dallimore 0-0: Ball
1-0: Called Strike
1-1: Swinging Strike
1-2: SINGLE (Line Drive, 7LS, EV 99.4 MPH)
Cesar Izturis scores
Jeff Keppinger to second
Batting: LHB Alonso Panatta 0-0: Ground out 4-3 (Groundball, 4, EV 108.1 MPH)
Bottom of the 5th over - 2 runs, 3 hits, 0 errors, 2 left on base; Columbus 6 - Norfolk 3
TOP OF THE 6TH
Columbus Clippers batting - Pitching for Norfolk Tides : RHP Dave Pember
Batting: RHB Jim Deschaine 0-0: Ball
1-0: Foul Ball, location: 9LMF
1-1: Ball
2-1: Foul Ball, location: 9LDF
2-2: Ball
3-2: Foul Ball, location: 9LDF
3-2: Foul Ball, location: 9LMF
3-2: Fly out, F9 (Flyball, 89S, EV 90.0 MPH)
Batting: LHB Dave Krynzel 0-0: Ball
1-0: Called Strike
1-1: Foul Ball, location: 2F
1-2: Foul Ball, location: 7LSF
1-2: Strikes out swinging
Batting: LHB Kevin Randel 0-0: Called Strike
0-1: SINGLE (Groundball, 6D, EV 97.5 MPH)
Batting: LHB Paul McAnulty 0-0: Ball
1-0: Called Strike
1-1: Ball
Kevin Randel steals 2nd base
2-1: Swinging Strike
2-2: Ball
3-2: SINGLE (Line Drive, 56D, EV 98.1 MPH)
Kevin Randel to third
Pitching: RHP Josh Bernal
Batting: RHB Dan Trumble 0-0: Fly out, F4 (Popup, 4D, EV 44.4 MPH)
Top of the 6th over - 0 runs, 2 hits, 0 errors, 2 left on base; Columbus 6 - Norfolk 3
BOTTOM OF THE 6TH
Norfolk Tides batting - Pitching for Columbus Clippers : LHP Jason Norderum
Batting: RHB Eppe Koomen 0-0: Called Strike
0-1: Swinging Strike
0-2: Foul Ball, location: 3F
0-2: Ball
1-2: Strikes out looking
Batting: LHB Luke Allen 0-0: Called Strike
0-1: Fly out, F5 (Popup, 56S, EV 65.6 MPH)
Batting: LHB Eric Servais 0-0: Called Strike
0-1: Ball
1-1: Foul Ball, location: 7LSF
1-2: Foul Ball, location: 23F
1-2: Foul Ball, location: 7LMF
1-2: Foul Ball, location: 7LMF
1-2: Foul Ball, location: 3FF
1-2: DOUBLE (Line Drive, 5D, EV 95.0 MPH)
Pitching: LHP Abel Garcia
Batting: RHB Oscar Garcia 0-0: Called Strike
0-1: Ball
1-1: Foul Ball, location: 2LF
1-2: Ground out 4-3 (Groundball, 4, EV 86.9 MPH)
Bottom of the 6th over - 0 runs, 1 hit, 0 errors, 1 left on base; Columbus 6 - Norfolk 3
TOP OF THE 7TH
Columbus Clippers batting - Pitching for Norfolk Tides : RHP Josh Bernal
Batting: LHB Willie Aldana 0-0: Called Strike
0-1: Ball
1-1: Fly out, F9 (Line Drive, 89M, EV 93.8 MPH)
Batting: RHB Gabe Veloz 0-0: Called Strike
0-1: Swinging Strike
0-2: Ball
1-2: Strikes out swinging
Batting: RHB Adam Boeve 0-0: Ground out U3 (Groundball, 3D, EV 105.6 MPH)
Top of the 7th over - 0 runs, 0 hits, 0 errors, 0 left on base; Columbus 6 - Norfolk 3
BOTTOM OF THE 7TH
Norfolk Tides batting - Pitching for Columbus Clippers : LHP Abel Garcia
Batting: SHB Cesar Izturis 0-0: Ball
1-0: Fly out, F7 (Flyball, 7S, EV 91.3 MPH)
Batting: RHB Rocco Baldelli 0-0: Ball
1-0: Ball
2-0: Ground out 5-3 (Groundball, 5, EV 104.4 MPH)
Batting: RHB Jeff Keppinger 0-0: Ball
1-0: Ball
2-0: Foul Ball, location: 2F
2-1: Fly out, F3 (Popup, 3L, EV 63.8 MPH)
Bottom of the 7th over - 0 runs, 0 hits, 0 errors, 0 left on base; Columbus 6 - Norfolk 3
TOP OF THE 8TH
Columbus Clippers batting - Pitching for Norfolk Tides : RHP Josh Bernal
Batting: SHB Luke Carlin 0-0: Foul Ball, location: 2F
0-1: Called Strike
0-2: Ball
1-2: Fly out, F8 (Line Drive, 8RD, EV 105.6 MPH)
Batting: RHB Jim Deschaine 0-0: Foul Ball, location: 3F
0-1: Ball
1-1: Ball
2-1: Called Strike
2-2: Ball
3-2: Foul Ball, location: 7LMFF
3-2: Base on Balls
Batting: LHB Dave Krynzel 0-0: Ball
1-0: Called Strike
1-1: Ball
2-1: Swinging Strike
2-2: Strikes out swinging
Batting: LHB Kevin Randel 0-0: Called Strike
0-1: Ground out U3 (Groundball, 3, EV 82.5 MPH)
Top of the 8th over - 0 runs, 0 hits, 0 errors, 1 left on base; Columbus 6 - Norfolk 3
BOTTOM OF THE 8TH
Norfolk Tides batting - Pitching for Columbus Clippers : LHP Abel Garcia
Batting: RHB Brian Dallimore 0-0: Ball
1-0: Ball
2-0: Called Strike
2-1: Swinging Strike
2-2: Foul Ball, location: 25F
2-2: Strikes out swinging
Batting: LHB Alonso Panatta 0-0: Called Strike
0-1: SINGLE (Line Drive, 78M, EV 100.0 MPH)
Batting: RHB Eppe Koomen 0-0: Ball
1-0: Ball
2-0: Called Strike
2-1: Fly out, F8 (Flyball, 8LM, EV 97.5 MPH)
Batting: LHB Luke Allen 0-0: Foul Ball, location: 2F
0-1: Ball
1-1: Foul Ball, location: 3DF
1-2: Ball
2-2: SINGLE (Groundball, 4MD, EV 94.4 MPH)
Alonso Panatta to second
Batting: LHB Eric Servais 0-0: Called Strike
0-1: Called Strike
0-2: Ball
1-2: Hit by Pitch
Alonso Panatta to third
Luke Allen to second
Pitching: RHP Constantino Ferreri
Pinch Runner at 1st Adam Bourassa:
Batting: RHB Oscar Garcia 0-0: Ball
1-0: Ground out 4-3 (Groundball, 4, EV 79.4 MPH)
Bottom of the 8th over - 0 runs, 2 hits, 0 errors, 3 left on base; Columbus 6 - Norfolk 3
TOP OF THE 9TH
Columbus Clippers batting - Pitching for Norfolk Tides : RHP Josh Bernal
Pitching: RHP Brett Rudrude
Now at C: Greg Gallegos
Batting: LHB Paul McAnulty 0-0: Ball
1-0: Ball
2-0: Ball
3-0: Called Strike
3-1: Foul Ball, location: 3FF
3-2: Strikes out looking
Batting: RHB Dan Trumble 0-0: Ball
1-0: Foul Ball, location: 2F
1-1: Foul Ball, location: 2F
1-2: Strikes out swinging
Batting: LHB Willie Aldana 0-0: Ball
1-0: Called Strike
1-1: Foul Ball, location: 2F
1-2: Foul Ball, location: 7LSF
1-2: Strikes out looking
Top of the 9th over - 0 runs, 0 hits, 0 errors, 0 left on base; Columbus 6 - Norfolk 3
BOTTOM OF THE 9TH
Norfolk Tides batting - Pitching for Columbus Clippers : RHP Constantino Ferreri
Pitching: RHP Brian Wilson
Now at 1B: Aaron Rifkin
Batting: SHB Cesar Izturis 0-0: Ball
1-0: Ball
2-0: Ball
3-0: Called Strike
3-1: Ground out 4-3 (Groundball, 4, EV 81.3 MPH)
Batting: RHB Rocco Baldelli 0-0: Ball
1-0: SINGLE (Line Drive, 9S, EV 87.5 MPH)
Batting: RHB Jeff Keppinger 0-0: Foul Ball, location: 2F
0-1: Swinging Strike
0-2: Fly out, F9 (Flyball, 89S, EV 81.3 MPH)
Batting: RHB Brian Dallimore 0-0: Foul Ball, location: 3FF
0-1: Foul Ball, location: 2F
0-2: Foul Ball, location: 5SF
0-2: Ball
1-2: DOUBLE (Line Drive, 78D, EV 108.8 MPH)
Rocco Baldelli to third
Batting: LHB Alonso Panatta 0-0: Ball
1-0: Fly out, F5 (Popup, 5, EV 68.1 MPH)
Bottom of the 9th over - 0 runs, 2 hits, 0 errors, 2 left on base; Columbus 6 - Norfolk 3
Monday, September 23rd , 2024 - OOTP Baseball 25.8 Build 85